 Dungeon Crawl Stone Soup version 0.31.0-32-g396128a36d (webtiles) character file.

Game seed: 9685948568279710486

109 Peloso the Covered (level 4, -6/40 HPs)
             Began as a Minotaur Fighter on Mar 24, 2024.
             Mangled by a gnoll
             ... wielding a +0 whip
              (8 damage)
             ... on level 2 of the Dungeon.
             The game lasted 00:04:00 (1312 turns).

Peloso the Covered (Minotaur Fighter)               Turns: 1312, Time: 00:04:01

Health: -6/40      AC:  7    Str: 21    XL:     4   Next: 60%
Magic:  3/3        EV:  9    Int:  5    God:
Gold:   93         SH:  4    Dex: 11    Spells: 3/3 levels left

rFire   . . .        a - +0 long sword
rCold   . . .        c - +0 buckler
rNeg    . . .        b - +0 scale mail
rPois   .            (helmet currently unavailable)
rElec   .            (cloak currently unavailable)
rCorr   .            (gloves currently unavailable)
SInv    .            (boots currently unavailable)
Will    .....        (no amulet) Stlth
                     (no ring)
HPRegen 0.26/turn    (no ring)
MPRegen 0.08/turn

%: no passive effects
@: brilliant, beast-form
A: beast (slay +0), horns 2, retaliatory headbutt
a: Begin Untransformation


You were on level 2 of the Dungeon.
You were a hulking beast.
You visited 1 branch of the dungeon, and saw 2 of its levels.

You collected 93 gold pieces.

Inventory:

Hand Weapons
 a - a +0 long sword (weapon)
Armour
 b - a +0 scale mail (worn)
 c - a +0 buckler (worn)
Talismans
 f - a beast talisman (active)
 j - a blade talisman
Scrolls
 e - a scroll of revelation
 i - a scroll of identify
Potions
 d - a potion of might


   Skills:
 + Level 4.1 Fighting
 + Level 3.6 Long Blades
 + Level 4.6 Armour
 + Level 1.0 Dodging
 + Level 0.3 Stealth
 + Level 4.3 Shields
 + Level 0.1 Shapeshifting


You had 3 spell levels left.
You didn't know any spells.
Your spell library was empty.

Dungeon Overview and Level Annotations

Branches:
Dungeon (2/15)

Altars:

Shops:
D:1 (


Innate Abilities, Weirdness & Mutations

You are a hulking beast.
Your limbs bulge with bestial killing power. (Slay +0)
You have a pair of horns on your head.
You reflexively headbutt those who attack you in melee.


Message History

You kill the gnoll!
The gnoll hits you with a +0 whip.
* * * LOW HITPOINT WARNING * * *
Your Dodging skill increases to level 1!
Unknown command.
It was a potion of brilliance.
You feel clever all of a sudden. The gnoll hits you with a +0 whip.
* * * LOW HITPOINT WARNING * * *
A gnoll comes into view. It is wielding a +0 spear.
The gnoll shouts!
There is an open door here.
Things that are here:
a +0 club; a gnoll corpse The air fills with toxic fumes!
As you read the scroll labelled LOSUP LALICI, it crumbles to dust.
It was a scroll of poison.
The gnoll barely misses you. You furiously retaliate!
You headbutt the gnoll. You barely miss the gnoll.
The gnoll is moderately wounded.
You block the gnoll's attack.
Unknown command.
You hit the gnoll but do no damage. You headbutt the gnoll.
The gnoll is severely wounded.
The gnoll hits you with a +0 whip.
* * * LOW HITPOINT WARNING * * *
The gnoll misses you.
Unknown command.
You barely miss the gnoll. Your headbutt misses the gnoll.
The gnoll is severely wounded.
The gnoll hits you but does no damage.
Unknown command.
You barely miss the gnoll.
The gnoll is severely wounded.
You block the gnoll's attack.
Unknown command.
You hit the gnoll but do no damage.
The gnoll is severely wounded.
The gnoll hits you with a +0 whip!
You die...

#.....# #.###.###.#
#.
#####.####.#.......#
##
...........###+#####
#####.######☼☼§§§§§#
#.....##☼§§§§☼§#
#.....##§§§§§§§#
#....§##§§§§§§§#
.#....§§☼☼g§§§☼☼#
..............#h###
##.###+###....#g# #.
#...g#§# # +.....g#
#....§§# #.).§☼§§.
....##☼§§.
###..§§§☼. . .....


You could see 3 gnolls.

Vanquished Creatures
  Jessica (D:2)
  3 gnolls (D:2)
  An adder (D:2)
  A ribbon worm (D:2)
  3 endoplasms (D:2)
  4 hobgoblins
  4 jackals (D:1)
  3 quokkas (D:1)
  5 ball pythons
  5 bats
  A frilled lizard (D:1)
  6 goblins
  3 kobolds
  3 rats (D:1)
43 creatures vanquished.

Notes
Turn   | Place    | Note
-------+----------+-------------------------------------------
     0 | D:1      | Peloso the Minotaur Fighter began the quest for the Orb.
     0 | D:1      | Reached XP level 1. HP: 19/19 MP: 0/0
   145 | D:1      | Reached XP level 2. HP: 27/27 MP: 1/1
   558 | D:1      | Found Leurud's Weapon Shoppe.
   695 | D:2      | Reached XP level 3. HP: 31/33 MP: 2/2
   917 | D:2      | Noticed Jessica
   924 | D:2      | Killed Jessica
   925 | D:2      | Reached XP level 4. HP: 16/40 MP: 3/3
  1118 | D:2      | Found a faded altar of an unknown god.
  1305 | D:2      | Reached skill level 1 in Dodging
  1309 | D:2      | HP: 1/40 [gnoll/+0 whip (3)]
  1312 | D:2      | Mangled by a gnoll

Illustrated notes

Levels and vault maps discovered:
D:1:      dpeg_arrival_refuge, layout_loops_ring, serial_shops,
          nicolae_shop_bloodbath_and_beyond, kennysheep_flooded_box,
          serial_park_tiny_2
D:2:      layout_basic, shapermc_ecumenical_altar_mp_ritualfount, uniq_jessica

Skill      XL: |  1  2  3  4 |
---------------+-------------+-----
Fighting       | 4 |  4.1
Armour         | 4 |  4.6
Shields        | 4 |  4.3
Long Blades    | 3 |  3.6
Dodging        | 1 |  1.0
Stealth        | |  0.3
Shapeshifting  | |  0.1

Action                     |  1- 3 |  4- 6 || total
---------------------------+-------+-------++-------
  Melee: Long sword        |    88 |    36 ||   124
         Headbutt          |     8 |     5 ||    13
    Use: Scroll            |     3 |     1 ||     4
         Potion            |       |     1 ||     1
 Armour: Scale mail        |    78 |    29 ||   107
  Dodge: Dodged            |    33 |    14 ||    47
  Block: Buckler           |    28 |    12 ||    40
   Form: Beast             |     1 |       ||     1
